 Seeded DCSS version 0.30.1-11-g7821555f0a (webtiles) character file.

Game seed: 430007637681659361 (custom seed)

15 strifetoe the Ruffian (level 2, -10/24 HPs)
             Began as a Mummy Berserker on Nov 10, 2023.
             Was a Follower of Trog.
             Mangled by a kobold
             ... wielding a +1 whip of electrocution
              (14 damage)
             ... on level 1 of the Dungeon.
             The game lasted 00:00:33 (444 turns).

strifetoe the Ruffian (Mummy Berserker)              Turns: 444, Time: 00:00:34

Health: -10/24     AC:  2    Str: 20    XL:     2   Next: 34%
Magic:  2/2        EV: 12    Int:  6    God:    Trog [*.....]
Gold:   16         SH:  0    Dex: 11    Spells: 1/1 levels left

rFire   x .          .
                       - Unarmed
rCold   + . .        (no shield)
rNeg    + + +        a - +0 animal skin
rPois   ∞            (no helmet)
rElec   .            (no cloak)
rCorr   .            (no gloves)
SInv    .            (no boots)
Will    .....        (no amulet)
Stlth   +            (no ring)
HPRegen 0.24/turn    (no ring)
MPRegen 0.08/turn

%: faith
@: no status effects
A: cold resistance 1, negative energy resistance 3, torment resistance 2, heat
vulnerability 1, no potions, faith
a: Renounce Religion


You were on level 1 of the Dungeon.
You worshipped Trog.
Trog was aware of your devotion.
You visited 1 branch of the dungeon, and saw 1 of its levels.

You collected 16 gold pieces.

Inventory:

Hand Weapons
 f - a +3 war axe
Armour
 a - a +0 animal skin (worn)
Jewellery
 d - a ring of flight
Scrolls
 b - a scroll of fear {unknown}
 c - 2 scrolls of noise {unknown}
 e - a scroll of brand weapon {unknown}
 g - a scroll of vulnerability {unknown}


   Skills:
 - Level 3.0 Fighting
 - Level 1.5 Armour
 - Level 1.5 Dodging
 + Level 3.1 Unarmed Combat


You had one spell level left.
You didn't know any spells.
Your spell library was empty.

Dungeon Overview and Level Annotations

Branches:
Dungeon (1/15)

Altars:


Innate Abilities, Weirdness & Mutations

You are immune to poison.
Your flesh is cold resistant. (rC+)
You are immune to negative energy. (rN+++)
You are immune to unholy pain and torment.
You are vulnerable to heat. (rF-)
You do not drink.
You have a special connection with the divine. (Faith)


Message History

You closely miss the hobgoblin.
The hobgoblin is heavily wounded.
The hobgoblin closely misses you.
You closely miss the hobgoblin.
The hobgoblin is moderately wounded.
The kobold hits you with a +1 whip of electrocution.
The hobgoblin hits you.
You barely miss the hobgoblin.
The hobgoblin is moderately wounded.
The kobold hits you with a +1 whip of electrocution.
The hobgoblin hits you.
You are too injured to fight recklessly!
You are too injured to fight recklessly!
You are too injured to fight recklessly!
You are too injured to fight recklessly!
There are monsters nearby!
Unknown command.
You are too injured to fight recklessly!
You are too injured to fight recklessly!
Okay, then.
You barely miss the kobold. The kobold closely misses you.
The hobgoblin misses you.
You closely miss the kobold. The kobold misses you. The hobgoblin hits you.
* * * LOW HITPOINT WARNING * * *
You barely miss the kobold. The kobold hits you but does no damage.
The hobgoblin hits you.
* * * LOW HITPOINT WARNING * * *
You hit the kobold but do no damage. The hobgoblin closely misses you.
The kobold barely misses you.
Okay, then.
You aren't carrying any items that you can evoke.
Unknown command.
The hobgoblin attacks as you move away! The hobgoblin barely misses you.
There is an open door here.
The kobold attacks as you move away!
The kobold hits you with a +1 whip of electrocution.
* * * LOW HITPOINT WARNING * * *
You are electrocuted!
Ouch! That really hurt!
You die...

#......##....#
#......####### #...... #
#...... # ####+##### #...#
## .........# ##...## #.
.........# #.....########.
.........####.~......~.~..~
$....>..gK@...)≈≈≈≈≈~≈≈≈≈≈.
.........###..~≈♣♣♣≈~≈♣♣♣≈~
.........# #..~≈♣ ♣≈~≈♣ ♣≈~
########## #..~≈♣ ♣≈.≈♣ ♣≈.
#...≈≈≈≈≈~≈≈≈≈≈~
#..~.~.~~~~.....
#..~≈≈≈≈≈~≈≈≈≈≈~
#..~≈♣♣♣≈~≈ #..~≈♣ ≈.≈


You could see a hobgoblin and a kobold.

Vanquished Creatures
  A dart slug (D:1)
  A giant cockroach (D:1)
  2 goblins (D:1)
  A hobgoblin (D:1)
  A quokka (D:1)
  2 ball pythons (D:1)
  3 bats (D:1)
  A frilled lizard (D:1)
  A rat (D:1)
13 creatures vanquished.

Notes
Turn   | Place    | Note
-------+----------+-------------------------------------------
     0 | D:1      | strifetoe the Mummy Berserker began the quest for the Orb.
     0 | D:1      | Reached XP level 1. HP: 18/18 MP: 1/1
   217 | D:1      | Reached XP level 2. HP: 15/24 MP: 2/2
   444 | D:1      | Mangled by a kobold

Illustrated notes

Levels and vault maps discovered:
D:1:      wander_arrival_chamber, layout_basic, kennysheep_boxes

Skill      XL: |  1 |
---------------+----+-----
Unarmed Combat | 3 |  3.1
Fighting       | |  3.0
Armour         | |  1.5
Dodging        | |  1.5

Action                     || total
---------------------------++-------
  Melee: Unarmed           ||    56
         Punch             ||     3
   Stab: Sleeping          ||     1
 Armour: Animal skin       ||    12
  Dodge: Dodged            ||    41
